 Dungeon Crawl Stone Soup version 0.29.1-2-gbd0b4ee654 (webtiles) character file.

Game seed: 12948753870547962328

282 GorkyZ the Trooper (level 6, -3/48 HPs)
             Began as a Demonspawn Fighter on Nov 22, 2022.
             Succumbed to Duvessa's poison
             ... on level 4 of the Dungeon.
             The game lasted 00:06:47 (3253 turns).

GorkyZ the Trooper (Demonspawn Fighter)             Turns: 3253, Time: 00:06:48

Health: -3/48      AC: 10    Str: 18    XL:     6   Next: 6%
Magic:  6/6        EV:  7    Int:  9    God:
Gold:   143        SH:  8    Dex: 11    Spells: 5/5 levels left

rFire   . . .      SeeInvis .   m - +8 spear of Green Defiance {venom, *Corrode rElec Will+++ Dex-2}
rCold   . . .      Faith    .   c - +0 buckler
rNeg    . . .      Spirit   .   t - +0 chain mail
rPois   .          Reflect  .   (helmet restricted)
rElec   +          Harm     .   j - +0 cloak
rCorr   .          Rampage  .   (no gloves)
Will    +++..                   (no boots)
Stlth   ..........              (no amulet)
HPRegen 0.16/turn               (no ring)
MPRegen 0.10/turn               (no ring)

@: lethally poisoned (-3 -> -49)
A: horns 2, condensation shield
a: no special abilities


You were on level 4 of the Dungeon.
You visited 1 branch of the dungeon, and saw 4 of its levels.

You collected 143 gold pieces.

Inventory:

Hand Weapons
 a - a +0 war axe
 m - the +8 spear of Green Defiance (weapon) {venom, *Corrode rElec Will+++ Dex-2}
   (You found it on level 2 of the Dungeon)

   It poisons the flesh of those it strikes.
   Dex:       It affects your dexterity (-2).
   rElec:     It insulates you from electricity.
   *Corrode:  It may corrode you when you take damage.
   Will:      It greatly increases your willpower.
Missiles
 l - a throwing net (quivered)
 n - 6 boomerangs
 p - 6 poisoned darts
Armour
 b - a +0 scale mail
 c - a +0 buckler (worn)
 g - a +2 ring mail of fire resistance
 j - a +0 cloak (worn)
 t - a +0 chain mail (worn)
Jewellery
 o - a ring of resist corrosion
 v - a ring of wizardry
Scrolls
 e - a scroll of blinking {unknown}
 f - 2 scrolls of enchant armour {unknown}
 i - 2 scrolls of identify {unknown}
 q - a scroll of vulnerability {unknown}
 s - a scroll of magic mapping {unknown}
 u - a scroll of brand weapon {unknown}
 x - a scroll of teleportation {unknown}
Potions
 d - a potion of might
 h - a potion of heal wounds {unknown}
 k - a potion of curing {unknown}
 r - a potion of berserk rage {unknown}
 w - a potion of flight {unknown}


   Skills:
 + Level 3.7 Fighting
 - Level 2.2(2.4) Axes
 * Level 1.5(2.1) Polearms
 + Level 1.6 Throwing
 + Level 3.3 Armour
 + Level 1.5 Dodging
 + Level 3.3 Shields
 + Level 2.1 Evocations


You had 5 spell levels left.
You didn't know any spells.
Your spell library contained the following spells:

 Spells                   Type           Power      Damage    Failure   Level
 Sublimation of Blood     Necr           0%         N/A       100%        2
 Wereblood                Tmut           0%         N/A       100%        2
 Gell's Gravitas          Tloc           0%         N/A       100%        3
 Lesser Beckoning         Tloc           0%         N/A       100%        3
 Teleport Other           Tloc           0%         N/A       100%        3
 Summon Hydra             Summ           0%         N/A       100%        7


Dungeon Overview and Level Annotations

Branches:
Dungeon (4/15)
 Temple: D:4-7

Altars:
Qazlal

Annotations:
D:4 Duvessa


Innate Abilities, Weirdness & Mutations

You have a pair of horns on your head.
A meltable shield of frost defends you. (SH +4)


Message History

You kill Dowan!
Duvessa weeps, and shakes her weapon.
Duvessa goes berserk!
You have reached level 6!
Your demonic ancestry asserts itself...
The horns on your head grow some more. You block Duvessa's attack.
You barely miss Duvessa. You block Duvessa's attack.
You hit Duvessa but do no damage. You block Duvessa's attack.
Duvessa completely misses you.
You hit Duvessa.
Duvessa is poisoned.
Duvessa is lightly wounded.
You block Duvessa's attack.
You hit Duvessa but do no damage. You headbutt Duvessa!
Duvessa is moderately wounded.
Duvessa hits you with a +0 short sword of venom!
You are poisoned.
Duvessa barely misses you.
You hit Duvessa.
Duvessa looks as sick as possible!
Duvessa is moderately wounded.
You feel very sick.
Duvessa hits you with a +0 short sword of venom.
You are more poisoned.
You hit Duvessa.
Duvessa looks as sick as possible!
Duvessa is heavily wounded.
You feel very sick.
Duvessa hits you with a +0 short sword of venom!
You are more poisoned.
Duvessa hits you but does no damage.
You are more poisoned.
You are too injured to fight recklessly!
You hit Duvessa.
Duvessa looks as sick as possible!
Duvessa is severely wounded.
* * * LOW HITPOINT WARNING * * *
You feel extremely sick. Duvessa closely misses you.
Duvessa hits you but does no damage.
You are more poisoned.
You hit Duvessa.
Duvessa looks as sick as possible!
Duvessa is severely wounded.
You die...

### #<#
#@# #e#
#w....#
.........
..##.#.#.#
..[ .# #
.... .#
#...# #
#.#.


You could see Duvessa (berserk, extremely poisoned) and a worm.

Vanquished Creatures
  Dowan (D:4)
  An orc priest (D:3)
  2 orc wizards (D:3)
  3 gnolls (D:2)
  7 adders
  2 worms (D:2)
  6 orcs (D:3)
  3 endoplasms
  3 giant cockroaches
  5 goblins
  6 hobgoblins
  4 kobolds
  5 quokkas
  2 bats
  3 frilled lizards
  5 rats
58 creatures vanquished.

Vanquished Creatures (others)
  53 plants (D:3)
  4 toadstools (D:1)
57 creatures vanquished.

Grand Total: 115 creatures vanquished

Notes
Turn   | Place    | Note
-------+----------+-------------------------------------------
     0 | D:1      | GorkyZ the Demonspawn Fighter began the quest for the Orb.
     0 | D:1      | Reached XP level 1. HP: 18/18 MP: 1/1
   431 | D:1      | Gained mutation: A meltable shield of frost defends you.
                  | (SH +4) [demonic ancestry]
   431 | D:1      | Reached XP level 2. HP: 19/24 MP: 2/2
  1113 | D:2      | Identified the +8 spear of Green Defiance {venom, *Corrode
                  | rElec Will+++ Dex-2}
  1175 | D:2      | Reached skill level 1 in Evocations
  1175 | D:2      | Gained mutation: You have a pair of small horns on your
                  | head. [demonic ancestry]
  1175 | D:2      | Reached XP level 3. HP: 4/29 MP: 3/3
  1688 | D:2      | Found a stormy altar of Qazlal.
  1694 | D:2      | Reached XP level 4. HP: 35/35 MP: 4/4
  2018 | D:3      | Reached skill level 1 in Throwing
  2018 | D:3      | Reached skill level 1 in Dodging
  2033 | D:3      | Reached XP level 5. HP: 10/41 MP: 5/5
  2475 | D:3      | Found a faded altar of an unknown god.
  2635 | D:3      | Reached skill level 1 in Polearms
  3238 | D:4      | Noticed Dowan
  3239 | D:4      | Noticed Duvessa
  3244 | D:4      | Killed Dowan
  3245 | D:4      | Gained mutation: You have a pair of horns on your head.
                  | [demonic ancestry]
  3245 | D:4      | Reached XP level 6. HP: 48/48 MP: 6/6
  3253 | D:4      | Succumbed to Duvessa's poison

Illustrated notes

Levels and vault maps discovered:
D:1:      ldierk_water_garden, layout_loops_ring, serial_co_window_serial,
          co_window_corner_a, co_window_of_opportunity_a, co_window_paths_a,
          co_window_of_opportunity_a, co_window_of_opportunity_a,
          co_window_corner_b, co_window_paths_c, co_window_broadway_b,
          co_window_of_opportunity_b, co_window_corner_b, co_window_2corner,
          co_window_broadway_b, glass_columns_a, glass_columns_a,
          glass_columns_b, glass_columns_c
D:2:      layout_rooms, basic_altar, feat_on_display
D:3:      layout_loops_ring, ebering_ecumenical_altar_webs, kennysheep_boxes
D:4:      layout_basic, minmay_unequal, uniq_duvessa

Skill      XL: |  1  2  3  4  5 |
---------------+----------------+-----
Axes           | 2 |  2.2
Evocations     | 1 2 |  2.1
Armour         | 3 |  3.3
Shields        | 3 |  3.3
Throwing       | 1 |  1.6
Dodging        | 1 |  1.5
Polearms       | 1 |  1.5
Fighting       | |  3.7

Action                   |  1- 3 |  4- 6 || total
-------------------------+-------+-------++-------
Melee: War axe           |    69 |    10 ||    79
       Headbutt          |     2 |     9 ||    11
       Spear             |       |    73 ||    73
Armor: Scale mail        |     3 |       ||     3
       Ring mail         |    20 |     7 ||    27
       Chain mail        |       |     5 ||     5
Dodge: Dodged            |    36 |    19 ||    55
Block: Buckler           |    39 |    23 ||    62
